cohdb
Replays
Latest Replays
All Replays
Popular Replays
Top Player Replays
Match Explorer
How It Works
Community
CoH3 Stats
Reddit
Sign in to upload your games and track your stats! →
Sign in with Steam
Match 40903236
Unlisted
Match 40903236
Overview
Messages
Build Orders
End
Royal Engineer Section
Construct Section Command Post
Selects Australian Defense Battlegroup
Selects Australian Light Infantry Section
Dingo Light Scout Car
Australian Light Infantry Section
Australian Light Infantry Section
Vickers Machine Gun Team
Construct Platoon Command Post
Humber Armored Car
Selects CMP 15cwt Supply Run
Selects 2-pounder Anti-tank Gun Team
Construct Field Infirmary
ML 3-inch Mortar Team
Goodvyn
Sher
0
0
Comments
sign in to comment!
No comments posted yet!